 Dungeon Crawl Stone Soup version 0.28-a0-1038-g9c4cb8273d (webtiles) character file.

Game seed: 18122133021840316755

93 garrulousMonolith the Firebug (level 4, -6/35 HPs)
             Began as a Draconian Fire Elementalist on Dec 9, 2021.
             Killed by divine providence
             ... invoked by an orc priest
              (13 damage)
             ... on level 2 of the Dungeon.
             The game lasted 00:04:20 (2299 turns).

garrulousMonolith the Firebug (DrFE)                Turns: 2299, Time: 00:04:21

Health: -6/35      AC:  8    Str: 11    XL:     4   Next: 36%
Magic:  1/7        EV: 11    Int: 17    God:
Gold:   96         SH:  0    Dex: 11    Spells: 1/7 levels left

rFire   + . .      SeeInvis .   c - +2 short sword (speed)
rCold   + . .      Faith    .   e - +1 buckler {AC+3}
rNeg    . . .      Spirit   .   (armour unavailable)
rPois   .          Reflect  .   (helmet restricted)
rElec   .          Harm     .   (no cloak)
rCorr   .          Rampage  .   (no gloves)
Will    .....                   (no boots)
Stlth   +.........              (no amulet)
HPRegen 0.11/turn               b - ring of protection from cold
MPRegen 0.10/turn               i - ring of protection from fire

@: confused
A: AC +5, unfitting armour, cold-blooded
a: no special abilities


You were on level 2 of the Dungeon.
You visited 1 branch of the dungeon, and saw 2 of its levels.

You collected 96 gold pieces.

Inventory:

Hand Weapons
 c - a +2 short sword of speed (weapon)
Missiles
 h - 22 stones
Armour
 e - a +1 buckler of protection (worn)
Magical Staves
 f - a staff of air
Jewellery
 b - a ring of protection from cold (left hand)
 i - a ring of protection from fire (right hand)
Scrolls
 a - a scroll of enchant armour {unknown}
 d - 2 scrolls of identify {unknown}
 j - 2 scrolls of vulnerability {unknown}
 m - a scroll of fear {unknown}
Potions
 g - a potion of resistance {unknown}
 k - a potion of ambrosia {unknown}
 l - a potion of magic {unknown}
 n - a potion of flight {unknown}


   Skills:
 + Level 1.4 Fighting
 - Level 1.9 Dodging
 - Level 1.7 Stealth
 * Level 1.4 Shields
 + Level 2.4 Spellcasting
 + Level 1.8 Conjurations
 * Level 3.8 Fire Magic


You had one spell level left.
You knew the following spells:

 Your Spells              Type           Power      Damage    Failure   Level
a - Foxfire               Conj/Fire      44%        2x1d6     8%          1
b - Scorch                Fire           30%        2d6       8%          2
c - Conjure Flame         Conj/Fire      11%        6-21      24%         3

Your spell library contained the following spells:

 Spells                   Type           Power      Damage    Failure   Level
 Inner Flame              Hex/Fire       8%         N/A       34%         3
 Flame Wave               Conj/Fire      11%        2d5       61%         4


Dungeon Overview and Level Annotations

Branches:
Dungeon (2/15)

Altars:

Shops:
D:1 *


Innate Abilities, Weirdness & Mutations

Your plain brown scales are hard. (AC +5)
You cannot fit into any form of body armour.
You are cold-blooded and may be slowed by cold attacks.


Message History

Casting: Scorch (safe; 9% risk of failure)
Confirm with . or Enter, or press ? or * to list all spells.
Flames lash the orc priest.
The orc priest is severely wounded.
The orc priest's fire resistance burns away.
The orc priest mumbles some strange prayers to Beogh against you.
Beogh smites you!
Ouch! That really hurt!
The orc wizard mumbles some strange words.
The orc wizard flickers and vanishes!
Deactivating autopickup; reactivate with Ctrl-A.
Casting: Scorch (safe; 9% risk of failure)
Confirm with . or Enter, or press ? or * to list all spells.
You conjure some foxfire!
The foxfire hits the orc.
The orc is heavily wounded.
Casting: Foxfire (safe; 9% risk of failure)
Confirm with . or Enter, or press ? or * to list all spells.
Flames lash the orc priest.
The orc priest is burned terribly!
You kill the orc priest!
Your foxfire dissipates!
You have reached level 4!
You feel stronger.
Casting: Scorch (safe; 8% risk of failure)
Confirm with . or Enter, or press ? or * to list all spells.
You conjure some foxfire!
The foxfire hits the orc.
The orc is heavily wounded.
The foxfire hits the orc.
The orc is almost dead.
The orc closely misses you. Something hits you but does no damage.
The orc hits you but does no damage.
The orc priest calls down the wrath of Beogh upon you.
Beogh smites you!
* * * LOW HITPOINT WARNING * * *
You hear some strange, mumbled words.
You are confused.
You bump into the rock wall.
The orc barely misses you.
The orc priest mumbles some strange prayers to Beogh against you.
Beogh smites you!
You die...

#.# #.#.......# #.#
#.#.#####.#.#
####.####.#.#..#..#)#
.............>....#.#
####.####.#.#..#..#.#
#.# #.#.#..#..#o# #.#
#.#.#..#..#)# ####.#
#.#.#..#.o#o# †....#
###.#<..@.{.# ######
########### ...# ####


You could see an orc priest and an orc.

Vanquished Creatures
  An orc priest (D:2)
  2 adders (D:2)
  A worm (D:2)
  3 dart slugs (D:1)
  2 endoplasms
  3 giant cockroaches
  5 goblins
  6 hobgoblins
  4 kobolds
  A quokka (D:2)
  A ball python (D:1)
  3 bats
  4 rats
36 creatures vanquished.

Vanquished Creatures (others)
  50 foxfires
50 creatures vanquished.

Grand Total: 86 creatures vanquished

Notes
Turn   | Place    | Note
-------+----------+-------------------------------------------
     0 | D:1      | garrulousMonolith the Draconian Fire Elementalist began the
                  | quest for the Orb.
     0 | D:1      | Reached XP level 1. HP: 14/14 MP: 3/3
   206 | D:1      | Reached XP level 2. HP: 22/22 MP: 0/5
   391 | D:1      | Learned a level 2 spell: Scorch
   821 | D:1      | Found Bethe's General Store.
  1204 | D:1      | Reached skill level 1 in Fighting
  1204 | D:1      | Reached XP level 3. HP: 28/28 MP: 3/6
  1365 | D:1      | Learned a level 3 spell: Conjure Flame
  1801 | D:2      | Reached skill level 1 in Shields
  2295 | D:2      | Reached XP level 4. HP: 16/35 MP: 1/7
  2299 | D:2      | Killed from afar by an orc priest

Illustrated notes

Levels and vault maps discovered:
D:1:      sevenhm_arrival_forest_fort_large_2, layout_loops_ring, serial_shops,
          shop, minmay_octomino_j4
D:2:      layout_basic, dreamdust_ecumenical_altar_hidden_monk_grotto

Skill      XL: |  1  2  3 |
---------------+----------+-----
Fighting       | 1 |  1.4
Shields        | 1 |  1.4
Dodging        | |  1.9
Stealth        | |  1.7
Spellcasting   | |  2.4
Conjurations   | |  1.8
Fire Magic     | |  3.8

Action                   |  1- 3 |  4- 6 || total
-------------------------+-------+-------++-------
Melee: Short sword       |    16 |       ||    16
       Tailslap          |     2 |       ||     2
 Cast: Foxfire           |    33 |     1 ||    34
       Scorch            |    18 |       ||    18
 Stab: Sleeping          |     2 |       ||     2
Armor: Skin              |    14 |     2 ||    16
Dodge: Dodged            |    13 |     2 ||    15
Block: Buckler           |     2 |       ||     2

Table legend: (Time is in decaauts)
 A = Elapsed time spent in this place.
 B = Non-inter-level travel time spent in this place.
 C = Inter-level travel time spent in this place.
 D = Time resting spent in this place.
 E = Time spent auto-exploring this place.
 F = Levels seen in this place.
 G = Mean time per level.
                   A        B        C        D        E       F      G
               +--------+--------+--------+--------+--------+-----+--------+
         Total |   2295 |   2246 |     49 |    370 |   1530 |   2 | 1147.5 |
       Dungeon |   2295 |   2246 |     49 |    370 |   1530 |   2 | 1147.5 |
               +--------+--------+--------+--------+--------+-----+--------+

Top non-repeatable levels by time:
     D:1: 1505 daAuts
     D:2: 790 daAuts
